 Dungeon Crawl Stone Soup version 0.29-a0-1016-g236c7fd91e (webtiles) character file.

Game seed: 17062444145451811408

112 siradein the Trooper (level 4, -2/40 HPs)
             Began as a Ghoul Fighter on Aug 9, 2022.
             Slain by a black bear (3 damage)
             ... on level 4 of the Dungeon.
             The game lasted 00:04:27 (2865 turns).

siradein the Trooper (Ghoul Fighter)                Turns: 2865, Time: 00:04:27

Health: -2/40      AC:  8    Str: 21    XL:     4   Next: 95%
Magic:  3/3        EV:  9    Int:  3    God:
Gold:   188        SH:  4    Dex:  8    Spells: 3/3 levels left

rFire   . . .      SeeInvis .   a - +0 war axe
rCold   + . .      Faith    .   c - +0 buckler
rNeg    + + +      Spirit   .   b - +0 scale mail
rPois   ∞          Reflect  .   (no helmet)
rElec   .          Harm     .   e - +0 cloak
rCorr   .          Rampage  .   (no gloves)
Will    .....                   (no boots)
Stlth   ..........              (no amulet)
HPRegen 0.00/turn               (no ring)
MPRegen 0.08/turn               (no ring)

@: inhibited regen
A: claws 1, cold resistance 1, negative energy resistance 3, inhibited
regeneration, torment resistance 2, devour on kill
a: no special abilities


You were on level 4 of the Dungeon.
You visited 1 branch of the dungeon, and saw 4 of its levels.

You collected 188 gold pieces.

Inventory:

Hand Weapons
 a - a +0 war axe (weapon)
Missiles
 g - 24 stones (quivered)
 h - 3 boomerangs
Armour
 b - a +0 scale mail (worn)
 c - a +0 buckler (worn)
 e - a +0 cloak (worn)
Scrolls
 f - a scroll of teleportation
 i - a scroll of magic mapping {unknown}
 l - 2 scrolls of fog
 m - a scroll of enchant armour {unknown}
Potions
 d - 4 potions of might
 j - a potion of resistance {unknown}
 k - 3 potions of degeneration {unknown}


   Skills:
 + Level 4.1 Fighting
 + Level 2.6 Axes
 + Level 3.3 Armour
 + Level 3.4 Shields


You had 3 spell levels left.
You didn't know any spells.
Your spell library contained the following spells:

 Spells                   Type           Power      Damage    Failure   Level
 Sandblast                Erth           0%         2d4       91%         1
 Passwall                 Tmut/Erth      0%         N/A       97%         2
 Stone Arrow              Conj/Erth      0%         3d7       100%        3


Dungeon Overview and Level Annotations

Branches:
Dungeon (4/15)
 Temple: D:4-7

Altars:

Annotations:
D:3 2 runed translucent doors, marklar909's ghost, amateur PaAK


Innate Abilities, Weirdness & Mutations

You are immune to poison.
You have sharp fingernails.
Your flesh is cold resistant. (rC+)
You are immune to negative energy. (rN+++)
You do not regenerate when monsters are visible.
You are immune to unholy pain and torment.
You thrive by killing the living.


Message History

Unknown command.
You are too injured to fight recklessly!
You closely miss the hound.
The hound is heavily wounded.
You hit the black bear but do no damage.
The hound closely misses you. The hound barely misses you.
The black bear bites you. You block the black bear's attack.
The black bear claws you.
* * * LOW HITPOINT WARNING * * *
You miss the hound.
The hound is heavily wounded.
You barely miss the black bear. The hound bites you but does no damage.
The black bear bites you but does no damage.
The black bear claws you but does no damage.
The black bear claws you.
* * * LOW HITPOINT WARNING * * *
The hound closely misses you.
You closely miss the hound.
The hound is heavily wounded.
You completely miss the black bear. The hound barely misses you.
The black bear bites you but does no damage.
The black bear barely misses you. x2; The hound bites you.
* * * LOW HITPOINT WARNING * * *
The black bear bites you but does no damage.
You block the black bear's attack. The black bear claws you.
* * * LOW HITPOINT WARNING * * *
The hound closely misses you.
You barely miss the hound.
The hound is heavily wounded.
You hit the black bear. The hound bites you.
* * * LOW HITPOINT WARNING * * *
The black bear barely misses you.
The black bear claws you but does no damage. x2
The hound bites you but does no damage.
You barely miss the hound.
The hound is heavily wounded.
You hit the black bear but do no damage.
The hound bites you but does no damage. You block the black bear's attack.
The black bear completely misses you. The black bear claws you.
You die...

....... #........
######........ #
#.h.##........ #.
#@#.##......<.
##.#..#h#.##.......
#(.....S.h......#
#...).......!...#
#...##........).#####
#.. #..)............
#. #............... #
##########......
......


You could see a black bear, a hound and an adder.

Vanquished Creatures
  An orc priest (D:3)
  3 gnolls (D:3)
  An adder (D:4)
  A worm (D:2)
  4 orcs (D:3)
  3 endoplasms
  A giant cockroach (D:3)
  4 hobgoblins
  2 quokkas
  6 ball pythons
  5 bats
  A frilled lizard (D:1)
  A goblin (D:3)
  3 kobolds
  4 rats
40 creatures vanquished.

Notes
Turn   | Place    | Note
-------+----------+-------------------------------------------
     0 | D:1      | siradein the Ghoul Fighter began the quest for the Orb.
     0 | D:1      | Reached XP level 1. HP: 19/19 MP: 0/0
    23 | D:1      | Found a faded altar of an unknown god.
   219 | D:1      | Reached XP level 2. HP: 26/26 MP: 1/1
  1450 | D:2      | Reached XP level 3. HP: 31/31 MP: 2/2
  2169 | D:3      | Reached XP level 4. HP: 40/40 MP: 3/3
  2237 | D:3      | Reached skill level 4 in Fighting
  2747 | D:3      | Found a large runed translucent door.
  2749 | D:3      | Found a large runed translucent door.
  2751 | D:3      | Noticed marklar909's ghost (amateur PaAK)
  2846 | D:4      | Noticed a black bear
  2863 | D:4      | HP: 2/40 [black bear (4)]
  2865 | D:4      | Slain by a black bear

Illustrated notes

Levels and vault maps discovered:
D:1:      ebering_trefoil_twist, layout_loops_cross,
          chequers_ecumenical_altar_simple, chequers_decorated_corner
D:2:      layout_loops_corners, wad_floor_pattern_untrapped
D:3:      layout_basic, zin_treasury, ebering_ghost_disaster_area
D:4:      layout_basic, hellmonk_ghost_happy_afterlife

Skill      XL: |  1  2  3  4 |
---------------+-------------+-----
Axes           | 2 |  2.6
Armour         | 3 |  3.3
Shields        | 3 |  3.4
Fighting       | 4 |  4.1

Action                   |  1- 3 |  4- 6 || total
-------------------------+-------+-------++-------
Melee: War axe           |    70 |    54 ||   124
  Use: Scroll            |     3 |       ||     3
Armor: Scale mail        |    43 |    34 ||    77
Dodge: Dodged            |    36 |    46 ||    82
Block: Buckler           |    23 |    16 ||    39

Table legend: (Time is in decaauts)
 A = Elapsed time spent in this place.
 B = Non-inter-level travel time spent in this place.
 C = Inter-level travel time spent in this place.
 D = Time resting spent in this place.
 E = Time spent auto-exploring this place.
 F = Levels seen in this place.
 G = Mean time per level.
                   A        B        C        D        E       F      G
               +--------+--------+--------+--------+--------+-----+--------+
         Total |   2918 |   2800 |    118 |    335 |   2101 |   4 |  729.5 |
       Dungeon |   2918 |   2800 |    118 |    335 |   2101 |   4 |  729.5 |
               +--------+--------+--------+--------+--------+-----+--------+

Top non-repeatable levels by time:
     D:2: 1206 daAuts
     D:3: 902 daAuts
     D:1: 738 daAuts
     D:4: 71 daAuts
